 Dungeon Crawl Stone Soup version 0.28-a0-589-g333b8329f1 (webtiles) character file.

Game seed: 10131067494765450992

331 iamoutofideas the Chopper (level 6, -6/52 HPs)
             Began as a Hill Orc Gladiator on Oct 4, 2021.
             Killed by divine providence
             ... invoked by an orc priest
              (15 damage)
             ... on level 4 of the Dungeon.
             The game lasted 00:03:35 (2673 turns).

iamoutofideas the Chopper (Hill Orc Gladiator)      Turns: 2673, Time: 00:03:36

Health: -6/52      AC:  7    Str: 19    XL:     6   Next: 51%
Magic:  6/6        EV: 11    Int:  8    God:
Gold:   102        SH:  5    Dex: 12    Spells: 5/5 levels left

rFire   . . .      SeeInvis +   a - +1 war axe
rCold   . . .      Faith    .   (no shield)
rNeg    . . .      Spirit   .   m - +0 ring mail
rPois   .          Reflect  +   c - +0 helmet
rElec   .          Harm     .   (no cloak)
rCorr   .          Rampage  .   o - +0 pair of gloves
Will    .....                   (no boots)
Stlth   +.........              h - amulet of reflection
HPRegen 0.17/turn               t - ring of see invisible
MPRegen 0.10/turn               (no ring)

@: no status effects
A: no striking features
a: Convert to Beogh


You were on level 4 of the Dungeon.
You visited 1 branch of the dungeon, and saw 4 of its levels.
You also visited: Sewer.

You collected 133 gold pieces.
You spent 31 gold pieces at shops.

Inventory:

Hand Weapons
 a - a +1 war axe (weapon)
 s - a +1 trident of freezing
Missiles
 d - 3 throwing nets (quivered)
 j - 9 javelins
Armour
 b - a +0 leather armour
 c - a +0 helmet (worn)
 g - a +0 chain mail
 m - a +0 ring mail (worn)
 o - a +0 pair of gloves (worn)
Jewellery
 h - an amulet of reflection (around neck)
 t - a ring of see invisible (left hand)
Scrolls
 q - a scroll of fear {unknown}
 r - a scroll of teleportation {unknown}
 v - a scroll of identify
 w - a scroll of acquirement {unknown}
Potions
 e - a potion of ambrosia {unknown}
 f - a potion of lignification {unknown}
 i - a potion of resistance
 l - a potion of attraction {unknown}
 n - a potion of haste {unknown}
 p - a potion of berserk rage {unknown}
 u - a potion of might {unknown}


   Skills:
 + Level 4.1 Fighting
 + Level 6.8 Axes
 + Level 1.9 Throwing
 + Level 2.1 Armour
 + Level 3.1 Dodging
 + Level 0.8 Stealth
 + Level 1.1 Shields


You had 5 spell levels left.
You didn't know any spells.
Your spell library contained the following spells:

 Spells                   Type           Power      Damage    Failure   Level
 Ensorcelled Hibernation  Hex/Ice        0%         N/A       73%         2
 Static Discharge         Conj/Air       0%         N/A       73%         2
 Dazzling Flash           Conj/Hex       0%         N/A       91%         3
 Spider Form              Tmut/Pois      0%         N/A       91%         3
 Agony                    Necr           0%         N/A       100%        5
 Lightning Bolt           Conj/Air       0%         1d11      100%        5
 Silence                  Hex/Air        0%         N/A       100%        5
 Maxwell's Capacitive Co  Air            0%         ∞         100%        8


Dungeon Overview and Level Annotations

Branches:
Dungeon (4/15)              Sewer (visited)
 Temple: D:4-7

Altars:

Shops:
D:2 *   D:3 ?


Message History

You barely miss the orc priest.
The orc priest is heavily wounded.
You hit the phantom. You barely miss the adder skeleton.
The adder skeleton barely misses you. The phantom hits you.
* * * LOW HITPOINT WARNING * * *
The orc priest barely misses you.
You completely miss the orc priest.
The orc priest is heavily wounded.
You hit the adder skeleton. You hit the phantom.
You block the adder skeleton's attack. The phantom hits you.
* * * LOW HITPOINT WARNING * * *
The phantom blinks!
You blink.
The orc priest mumbles some strange prayers to Beogh against you.
You barely resist.
You feel better. You block the phantom's attack.
The orc priest hits you but does no damage.
You hit the orc priest but do no damage.
The orc priest is heavily wounded.
You closely miss the phantom. You slash the adder skeleton!
You destroy the adder skeleton!
The orc priest barely misses you.
The phantom hits you but does no damage.
You hit the orc priest but do no damage.
The orc priest is heavily wounded.
You slash the phantom! The orc priest misses you. The phantom hits you.
* * * LOW HITPOINT WARNING * * *
The phantom blinks!
You blink.
The phantom barely misses you.
The orc priest invokes the aid of Beogh against you.
Pain shoots through your body!
* * * LOW HITPOINT WARNING * * *
You feel better. The phantom hits you.
* * * LOW HITPOINT WARNING * * *
The phantom blinks!
You blink.
Found a stone staircase leading down.
Okay, then.
You hit the phantom.
The phantom is heavily damaged.
The phantom closely misses you.
The orc priest mumbles some strange prayers to Beogh against you.
Beogh smites you!
You die...

............##.........##
...............#######.#
...........##### ###..#
.....#....## ####...##
.......#....
#)...)#######.#
.....###....
....##.##§......# .##..#
#.... .## #.o).§###...#
###..###.... ###....## #
###...##.... #@...#.#
.###..# ... #W##...#
......##.... #..#.....#
............ #.#.......
####..##.... #.#.#....#?
...#...# ... ....#...##
##...#.....# .. >#
####.......# ... .. #
##...##..


You could see a phantom and an orc priest.

Vanquished Creatures
  Purgy (Sewer)
  A hound (D:3)
  Terence (D:3)
  An iguana (D:3)
  An orc wizard (D:4)
  5 adders
  An adder skeleton (D:4)
  5 worms
  3 dart slugs
  3 orcs (D:4)
  3 bats
  4 endoplasms
  2 goblins (D:1)
  2 hobgoblins (D:1)
  14 jackals
  A quokka (D:3)
  5 ball pythons
  3 frilled lizards
  8 kobolds
  6 rats
70 creatures vanquished.

Vanquished Creatures (others)
  A kobold (D:3)
1 creature vanquished.

Grand Total: 71 creatures vanquished

Notes
Turn   | Place    | Note
-------+----------+-------------------------------------------
     0 | D:1      | iamoutofideas the Hill Orc Gladiator began the quest for
                  | the Orb.
     0 | D:1      | Reached XP level 1. HP: 18/18 MP: 1/1
    73 | D:1      | Reached XP level 2. HP: 25/25 MP: 2/2
   240 | D:1      | Found a faded altar of an unknown god.
   425 | D:1      | Reached XP level 3. HP: 27/31 MP: 3/3
   867 | D:2      | Reached skill level 5 in Axes
  1070 | D:2      | Found Taaguhorr's Assorted Antiques.
  1081 | D:2      | Reached XP level 4. HP: 24/38 MP: 4/4
  1096 | D:2      | Bought a scroll labelled ICUHEU DUPH for 31 gold pieces
  1631 | D:3      | Reached skill level 1 in Armour
  1652 | D:3      | Noticed Terence
  1661 | D:3      | Killed Terence
  1662 | D:3      | Reached XP level 5. HP: 35/45 MP: 5/5
  1742 | D:3      | Found Eplar's Magic Scroll Shop.
  1956 | D:3      | Reached skill level 6 in Axes
  2050 | D:3      | Found a glowing drain.
  2067 | Sewer    | Entered a sewer
  2158 | Sewer    | Noticed Purgy
  2169 | Sewer    | Killed Purgy
  2170 | Sewer    | Reached skill level 1 in Shields
  2170 | Sewer    | Reached XP level 6. HP: 33/52 MP: 6/6
  2673 | D:4      | Killed from afar by an orc priest

Illustrated notes

Levels and vault maps discovered:
D:1:      roderic_dead_forest, layout_basic, basic_ecumenical_altar
D:2:      layout_basic, serial_shops, shop, minmay_shallow_snake_nest
D:3:      layout_rooms, cheibrodos_sewer_entry_bend, serial_shops,
          nicolae_square_shop, uniq_terence
D:4:      layout_rooms, minmay_three_crescents

Skill      XL: |  1  2  3  4  5 |
---------------+----------------+-----
Fighting       | 3 4 |  4.1
Axes           | 5 6 |  6.8
Armour         | 1 2 |  2.1
Dodging        | 3 |  3.1
Shields        | 1 |  1.1
Throwing       | |  1.9
Stealth        | |  0.8

Action                   |  1- 3 |  4- 6 || total
-------------------------+-------+-------++-------
Melee: War axe           |    92 |   103 ||   195
  Use: Scroll            |       |     6 ||     6
       Potion            |       |     2 ||     2
Armor: Leather armour    |    32 |       ||    32
       Ring mail         |       |    37 ||    37
Dodge: Dodged            |    56 |    64 ||   120
Block: Other             |     9 |    32 ||    41
       Reflection        |       |     1 ||     1

Table legend: (Time is in decaauts)
 A = Elapsed time spent in this place.
 B = Non-inter-level travel time spent in this place.
 C = Inter-level travel time spent in this place.
 D = Time resting spent in this place.
 E = Time spent auto-exploring this place.
 F = Levels seen in this place.
 G = Mean time per level.
                   A        B        C        D        E       F      G
               +--------+--------+--------+--------+--------+-----+--------+
         Total |   2736 |   2676 |     60 |    146 |   1728 |   5 |  547.2 |
       Dungeon |   2418 |   2358 |     60 |    146 |   1508 |   4 |  604.5 |
         Sewer |    317 |    317 |      0 |      0 |    220 |   1 |  317.0 |
               +--------+--------+--------+--------+--------+-----+--------+

Top non-repeatable levels by time:
     D:2: 828 daAuts
     D:1: 816 daAuts
     D:3: 647 daAuts
   Sewer: 317 daAuts
     D:4: 126 daAuts
